 Dungeon Crawl Stone Soup version 0.17.1-1-g73c8601 (webtiles) character file.

91 Peloso the Shield-Bearer (level 4, -9/38 HPs)
             Began as a Demigod Fighter on Jan 2, 2016.
             Mangled by Runnr's ghost (13 damage)
             ... on level 3 of the Dungeon.
             The game lasted 00:03:56 (1495 turns).

Peloso the Shield-Bearer (Demigod Fighter)          Turns: 1495, Time: 00:03:56

Health: -9/38      AC:  6    Str: 21    XL:     4   Next: 12%
Magic:  6/6        EV:  7    Int: 12    God:
Gold:   154        SH:  9    Dex: 15    Spells: 0 memorised, 3 levels left

rFire  . . .     SeeInvis .     a - +0 long sword
rCold  . . .     Clarity  .     b - +0 scale mail
rNeg   . . .     SustAt   +     c - +0 shield
rPois  .         Gourm    .     (no helmet)
rElec  .         Spirit   .     (no cloak)
rCorr  .         Warding  .     (no gloves)
rMut   .         Stasis   .     (no boots)
MR     .....                    (no amulet)
Stlth  ..........               (no ring)
                                (no ring)

@: not resistant to hostile enchantments, extremely unstealthy
A: high mp 1, sustain attributes
a: no special abilities


You were on level 3 of the Dungeon.
You were not hungry.

You visited 1 branch of the dungeon, and saw 3 of its levels.

You collected 154 gold pieces.

Inventory:

Hand Weapons
 a - a +0 long sword (weapon)
Armour
 b - a +0 scale mail (worn)
 c - a +0 shield (worn)
 o - a +0 cloak
 q - a +1 helmet
Scrolls
 j - a scroll of teleportation {unknown}
 l - 3 scrolls of remove curse {unknown}
 m - 5 scrolls of identify {unknown}
Potions
 d - 3 potions of might
 g - a potion of curing {unknown}
 n - a potion of haste {unknown}
 p - 2 potions of heal wounds {unknown}
Books
 i - a book of Maledictions

   Spells                             Type                      Level
   a - Corona                         Hexes                        1
   b - Ensorcelled Hibernation        Hexes/Ice                    2
   c - Confuse                        Hexes                        3
   d - Tukima's Dance                 Hexes                        3
   e - Dazzling Spray                 Conjuration/Hexes            3
Comestibles
 e - a bread ration
 k - 2 beef jerkies


   Skills:
 + Level 3.2 Fighting
 + Level 2.1 Long Blades
 + Level 3.3 Armour
 + Level 0.8 Dodging
 + Level 3.4 Shields


You had 3 spell levels left.
You didn't know any spells.

Dungeon Overview and Level Annotations

Branches:
Dungeon (3/15)

Annotations:
D:3 Runnr's ghost, amateur GrFi


Innate Abilities, Weirdness & Mutations

You have an increased reservoir of magic (+10% MP).
Your attributes are resistant to harm.


Message History

There is an open door, spattered with blood here.
Things that are here:
a trident of piercing; an animal skin You see here a stone.
Items here: ( )))) ††††
Things that are here:
an uncursed hunting sling; 26 stones Runnr's ghost barely misses you.
There is an open door here.
Read which item? (? for menu, Esc to quit)
As you read the scroll labeled DUEMES SOHIUMM, it crumbles to dust.
It is a scroll of enchant armour.
Enchant which item? (? for menu, Esc to quit)
Your helmet glows green for a moment.
Runnr's ghost hits you but does no damage.
Read which item? (? for menu, Esc to quit)
As you read the scroll labeled SEOLLO OSHRO DEOLA, it crumbles to dust.
You feel forgetful for a moment.
It was a scroll of amnesia.
Runnr's ghost hits you!
You die...

....###..?g.......
....###†##'#######
..).....##)#
.......###(#########
####.#. #)#.......#
#.#.###)#.......# #
#.#..(#.......#
#.#.###....)..#
#.#...'W@.....#
#####.......#
#.......# #.......#
#.......# #.......#
####'########
#....†...#
##..)....#


You could see Runnr's ghost.

Vanquished Creatures
  Robin (D:3)
  2 adders
  A worm (D:2)
  A ball python (D:1)
  4 giant cockroaches
  12 goblins
  8 hobgoblins
  2 quokkas
  8 bats
  A giant gecko (D:2)
  3 giant newts
  4 jackals (D:2)
  8 kobolds
  5 rats
60 creatures vanquished.

Notes
Turn   | Place    | Note
--------------------------------------------------------------
     0 | D:1      | Peloso the Demigod Fighter began the quest for the Orb.
     0 | D:1      | Reached XP level 1. HP: 18/18 MP: 3/3
   231 | D:1      | Reached XP level 2. HP: 20/25 MP: 4/4
   355 | D:1      | Reached skill level 3 in Shields
   638 | D:2      | Found a faded altar to an unknown god.
   807 | D:2      | Found a blossoming altar of Fedhas.
   869 | D:2      | Found a basalt altar of Yredelemnul.
   871 | D:2      | Noticed a profane servitor
   883 | D:2      | Found a glowing golden altar of the Shining One.
   885 | D:2      | Noticed an angel
   941 | D:2      | Reached XP level 3. HP: 27/31 MP: 5/5
  1425 | D:3      | Found a shattered altar of Ashenzari.
  1429 | D:3      | Noticed Robin
  1469 | D:3      | Killed Robin
  1469 | D:3      | Reached XP level 4. HP: 13/38 MP: 6/6
  1476 | D:3      | Noticed Runnr's ghost (amateur GrFi)
  1495 | D:3      | Mangled by Runnr's ghost

Action                   |  1- 3 |  4- 6 || total
-------------------------+-------+-------++-------
Melee: Long sword        |   177 |     4 ||   181
  Use: Scroll            |       |     2 ||     2
  Eat: Chunk             |     2 |       ||     2
